 Dungeon Crawl Stone Soup version 0.20-a0-522-g0b37eee (webtiles) character file.

10147 nikopol the Cleaver (level 11, -3/103 HPs)
             Began as a Gargoyle Berserker on Jan 25, 2017.
             Was a High Priest of Trog.
             Killed by divine providence
             ... invoked by an orc priest
              (13 damage)
             ... on level 11 of the Dungeon.
             The game lasted 00:31:10 (10737 turns).

nikopol the Cleaver (Gargoyle Berserker)           Turns: 10737, Time: 00:31:11

Health: -3/103     AC: 24    Str: 26    XL:     11   Next: 57%
Magic:  11/11      EV: 13    Int:  8    God:    Trog [*****.]
Gold:   479        SH:  0    Dex: 12    Spells: 10/10 levels left

rFire    . . .     SeeInvis .   a - +1 war axe
rCold    + + .     Gourm    .   U - +0 scale mail (curse)
rNeg     + . .     Faith    .   (no shield)
rPois    ∞         Spirit   .   G - +1 helmet "Zoynuex" {rC+ Slay+2}
rElec    +         Reflect  .   e - +1 cloak
rCorr    +         Harm     .   A - +1 pair of gloves
MR       .....                  I - +0 pair of boots
Stlth    ..........             (no amulet)
Regen    0.3/turn               t - ring of resist corrosion
                                o - ring of protection from cold

@: berserking, very quick
A: negative energy resistance 1, electricity resistance, unbreathing,
petrification resistance, rot immunity, AC +7
a: Berserk, Trog's Hand, Brothers in Arms, Burn Spellbooks, Renounce Religion


You were on level 11 of the Dungeon.
You worshipped Trog.
Trog was extremely pleased with you.
You were hungry.

You visited 1 branch of the dungeon, and saw 11 of its levels.
You also visited: Sewer.

You collected 762 gold pieces.
You spent 283 gold pieces at shops.

Inventory:

Hand Weapons
 a - a +1 war axe (weapon)
 g - a +1 shortbow of freezing
 l - a +2 longbow of velocity
 z - a +4 shortbow
Missiles
 h - 243 arrows (quivered)
Armour
 e - a +1 cloak (worn)
 A - a +1 pair of gloves (worn)
 G - the +1 helmet "Zoynuex" (worn) {rC+ Slay+2}
   (You found it on level 5 of the Dungeon)

   It affects your accuracy and damage with ranged weapons and melee attacks
   (+2).
   It protects you from cold.
 I - a +0 pair of boots (worn)
 U - a cursed +0 scale mail (worn)
Jewellery
 o - a ring of protection from cold (left hand)
 t - a ring of resist corrosion (right hand)
 H - the cursed necklace of Bloodlust {*Rage +Rage MR++ Int-3 Slay+6 *Curse}
   (You found it on level 5 of the Dungeon)

   [amulet of rage]

   It affects your intelligence (-3).
   It affects your accuracy and damage with ranged weapons and melee attacks
   (+6).
   It affects your resistance to hostile enchantments.
   It lets you go berserk.
   It may make you go berserk in combat.
   It curses itself when equipped.
   It has a curse placed upon it.
Wands
 f - a wand of lightning (12/15)
 n - a wand of paralysis (12/24)
 N - a wand of paralysis (12/24)
 R - a wand of enslavement (14/24)
 T - a wand of clouds (4/9)
 W - a wand of flame (31/48)
Scrolls
 d - 6 scrolls of teleportation
 q - 7 scrolls of enchant weapon
 s - 2 scrolls of amnesia {unknown}
 B - 2 scrolls of blinking {unknown}
 J - 4 scrolls of recharging {unknown}
 K - a scroll of fog {unknown}
 L - 2 scrolls of enchant armour {unknown}
 M - 3 scrolls of magic mapping {unknown}
 O - a scroll of random uselessness {unknown}
 P - a scroll of torment {unknown}
 Q - 3 scrolls of remove curse
Potions
 b - a potion of mutation {unknown}
 i - 2 potions of berserk rage
 j - a potion of agility
 m - 2 potions of ambrosia
 p - 5 potions of flight
 r - 3 potions of might
 u - a potion of brilliance
 x - a potion of invisibility {unknown}
 C - a potion of haste
 D - 3 potions of heal wounds
 E - 4 potions of curing
 F - a potion of degeneration {unknown}
Comestibles
 c - 4 bread rations
 k - 5 meat rations
 v - 2 fruits
 S - 11 royal jellies


   Skills:
 + Level 8.4 Fighting
 * Level 9.7 Axes
 * Level 8.3 Bows
 + Level 8.2 Armour
 + Level 6.0 Dodging


You had 10 spell levels left.
You didn't know any spells.

Dungeon Overview and Level Annotations

Branches:
Dungeon (11/15)            Temple (0/1) D:5            Lair (0/6) D:11
    Orc (0/2) D:9

Altars:
Elyvilon
The Shining One
Beogh

Shops:
D:5 *   D:6 %}   D:9 (   D:10 [


Innate Abilities, Weirdness & Mutations

You are resistant to torment.
Your stone body is resilient. (AC +7)
You are immune to poison.
You resist negative energy. (rN+)
You are resistant to electric shocks. (rElec)
You can survive without breathing.
You are immune to petrification.
You are immune to rotting.


Message History

You slash the hippogriff! The red ugly thing misses you.
The orc moves out of view.
The orc priest calls down the wrath of Beogh upon you.
Beogh smites you! The hippogriff closely misses you.
The hippogriff pecks you but does no damage.
The hippogriff claws you.
You hit the red ugly thing but do no damage.
The red ugly thing is moderately wounded.
You hit the hippogriff. The red ugly thing tentacle-slaps you!
You are engulfed in flames!!
* * * LOW HITPOINT WARNING * * *
The hippogriff closely misses you. The hippogriff barely misses you. x2
You are too injured to fight recklessly!
A red film seems to cover your vision as you go berserk!
You feel yourself moving faster!
You feel mighty!
You are feeling hungry.
The red ugly thing closely misses you.
The orc priest invokes the aid of Beogh against you.
Beogh smites you!
You die...

###.................
....................
...............####
.############..# .# #..#
.# #..#
.############..#######..
..)))............H......
...)...)........@uo(...(
...................(.(##
.......#############(.#
.......######## o(.
............... .)
####...........
#.########## #.# ####.#


You could see a red ugly thing, a hippogriff, an orc priest and an orc.

Vanquished Creatures
  A centaur warrior (D:11)
  A two-headed ogre (D:9)
  Pikel (D:5)
  A manticore (D:11)
  A gargoyle (D:10)
  A komodo dragon (D:11)
  A hornet (D:10)
  Grinder (D:3)
  3 hippogriffs
  Sigmund (D:4)
  A vampire (D:10)
  2 wyverns (D:11)
  Eustachio (D:5)
  2 hungry ghosts
  Duvessa (D:4)
  An acid dragon (D:11)
  A water moccasin (D:9)
  2 orc warriors
  2 ice beasts
  4 sky beasts
  A phantom (D:6)
  6 ogres
  8 centaurs
  3 crocodiles (D:11)
  3 big kobolds
  4 bullfrogs
  Dowan (D:4)
  6 jellies
  17 killer bees
  3 wights (D:11)
  A howler monkey (D:4)
  6 crimson imps
  2 centaur zombies
  5 hounds
  A bullfrog zombie (D:7)
  3 centaur skeletons
  5 orc priests
  3 iguanas
  7 orc wizards
  6 worker ants
  A hound skeleton (D:5)
  10 adders
  3 gnolls (D:7)
  6 oozes
  2 adder skeletons
  2 adder zombies
  3 worms
  6 leopard geckos
  41 orcs
  4 ball pythons
  7 giant cockroaches
  5 goblins
  6 hobgoblins
  2 jackals (D:2)
  16 kobolds
  3 quokkas
  3 bats
  6 frilled lizards
  A quokka skeleton (D:5)
  A quokka zombie (D:6)
  12 rats
260 creatures vanquished.

Notes
Turn   | Place    | Note
-------+----------+-------------------------------------------
     0 | D:1      | nikopol the Gargoyle Berserker began the quest for the Orb.
     0 | D:1      | Reached XP level 1. HP: 14/14 MP: 1/1
   280 | D:1      | Reached XP level 2. HP: 14/19 MP: 2/2
  1020 | D:2      | Reached skill level 3 in Axes
  1030 | D:2      | Reached XP level 3. HP: 21/23 MP: 3/3
  1263 | D:2      | Found a glowing golden altar of the Shining One.
  1844 | D:3      | Found a white marble altar of Elyvilon.
  1997 | D:3      | Reached XP level 4. HP: 18/29 MP: 4/4
  2015 | D:3      | Reached ** piety under Trog
  2025 | D:3      | Reached XP level 5. HP: 10/33 MP: 5/5
  2500 | D:3      | Noticed Grinder
  2509 | D:3      | Killed Grinder
  2509 | D:3      | Reached skill level 4 in Axes
  2509 | D:3      | Reached XP level 6. HP: 28/39 MP: 6/6
  2708 | D:4      | Noticed Sigmund
  2730 | D:4      | Killed Sigmund
  2730 | D:4      | Reached XP level 7. HP: 42/44 MP: 7/7
  2746 | D:4      | Noticed Dowan
  2972 | D:4      | Killed Dowan
  2972 | D:4      | Reached skill level 5 in Fighting
  2972 | D:4      | Reached skill level 5 in Axes
  3050 | D:4      | Noticed Duvessa
  3060 | D:4      | Killed Duvessa
  3371 | D:4      | Found a glowing drain.
  3407 | Sewer    | Entered a sewer
  4055 | D:5      | Entered Level 5 of the Dungeon
  4056 | D:5      | Found Tocuh's General Store.
  4081 | D:5      | Found a staircase to the Ecumenical Temple.
  4173 | D:5      | Reached XP level 8. HP: 49/50 MP: 8/8
  4196 | D:5      | Reached skill level 5 in Armour
  4207 | D:5      | Got a bloodstained helmet
  4213 | D:5      | Identified the +1 helmet "Zoynuex" {rC+ Slay+2} (You found it on level 5 of the Dungeon)
  4269 | D:5      | Noticed Eustachio
  4297 | D:5      | Killed Eustachio
  4297 | D:5      | Reached skill level 1 in Bows
  4362 | D:5      | Reached skill level 6 in Axes
  4510 | D:5      | Reached *** piety under Trog
  4554 | D:5      | Noticed Pikel
  4571 | D:5      | Killed Pikel
  4780 | D:6      | Reached XP level 9. HP: 50/55 MP: 9/9
  4843 | D:6      | Found Comnaby's Quality Used Wands.
  5081 | D:6      | Found Vuhaukku's Food Boutique.
  5679 | D:7      | Reached skill level 7 in Axes
  6205 | D:7      | Reached **** piety under Trog
  6256 | D:7      | Reached skill level 5 in Bows
  6896 | D:8      | Reached XP level 10. HP: 63/63 MP: 10/10
  7059 | D:8      | Reached skill level 5 in Dodging
  7522 | D:9      | Found Tedaj's Weapon Emporium.
  7587 | D:9      | Reached skill level 8 in Axes
  7946 | D:9      | Received a gift from Trog
  8072 | D:9      | Found a staircase to the Orcish Mines.
  8077 | D:9      | Noticed a two-headed ogre
  8088 | D:9      | Killed a two-headed ogre
  8358 | D:9      | Found a roughly hewn altar of Beogh.
  8565 | D:10     | Entered Level 10 of the Dungeon
  8837 | D:10     | Noticed a gargoyle
  8851 | D:10     | Killed a gargoyle
  9132 | D:10     | Reached ***** piety under Trog
  9209 | D:10     | Reached skill level 9 in Axes
  9323 | D:10     | Reached XP level 11. HP: 68/68 MP: 11/11
  9448 | D:10     | Found Riogg's Antique Armour Shoppe.
  9461 | D:10     | Bought a pair of runed gloves for 283 gold pieces
  9593 | D:11     | Noticed a centaur warrior
  9616 | D:11     | Killed a centaur warrior
 10088 | D:11     | Received a gift from Trog
 10315 | D:11     | Found a staircase to the Lair.
 10438 | D:11     | Noticed a manticore
 10444 | D:11     | Killed a manticore
 10725 | D:11     | Noticed a red ugly thing
 10737 | D:11     | Killed from afar by an orc priest

Vault maps used:
D:1:      lightli_arrival_statue_moat, minmay_door_square
D:2:      tso_altar
D:3:      minmay_misc_feat_more_columns, elyvilon_altar_5, uniq_grinder
D:4:      portal_sewer_entry_c, uniq_duvessa, uniq_sigmund
D:5:      minmay_temple_entry_butterflies, serial_shops, shop_coins,
          first_bread, st_stairs_1, uniq_pikel, uniq_eustachio
D:6:      serial_shops, nicolae_shop_statue_plus, minivault_22,
          nicolae_for_you_no_charge
D:9:      minmay_orc_entry_temple_small, serial_shops, kennysheep_mini,
          hangedman_little_slice_of_home
D:10:     serial_shops, shop
D:11:     erik_lair_dragon
Sewer:    sewer_co_cracked_pipes

Skill      XL: |  1  2  3  4  5  6  7  8  9 10 11 |
---------------+----------------------------------+-----
Axes           | 3 4 5 6 7 9 |  9.7
Armour         | 3 4 5 6 7 8 |  8.2
Dodging        | 2 3 4 5 6 |  6.0
Fighting       | 4 5 6 7 8 |  8.4
Bows           | 3 5 7 8 |  8.3

Action                   |  1- 3 |  4- 6 |  7- 9 | 10-12 || total
-------------------------+-------+-------+-------+-------++-------
Melee: Hand axe          |   134 |    18 |       |       ||   152
       War axe           |       |    58 |   241 |   246 ||   545
 Fire: Shortbow          |       |       |   148 |   224 ||   372
Invok: Berserk           |       |     2 |     3 |     4 ||     9
       Trog's Hand       |       |       |     2 |       ||     2
       Burn Spellbooks   |       |       |     3 |     2 ||     5
  Use: Scroll            |       |     6 |     8 |     1 ||    15
  Eat: Bread ration      |     1 |       |       |       ||     1
       Chunk             |       |     2 |    17 |    15 ||    34
       Royal jelly       |       |       |     1 |       ||     1
       Fruit             |       |       |       |     2 ||     2
Armor: Ring mail         |    37 |       |       |       ||    37
       Animal skin       |     2 |       |       |       ||     2
       Scale mail        |    31 |    42 |   152 |   210 ||   435
Dodge: Dodged            |    86 |    31 |   194 |   191 ||   502
